 Dungeon Crawl Stone Soup version 0.25.1-2-g60ff931df9 (webtiles) character file.

Game seed: 8190917259921705638

3308 Duder the Basher (level 9, -4/81 HPs)
             Began as a Minotaur Berserker on Nov 6, 2020.
             Was an Elder of Trog.
             Slain by Joseph
             ... wielding a +0 quarterstaff
              (15 damage)
             ... on level 8 of the Dungeon.
             The game lasted 00:38:39 (8849 turns).

Duder the Basher (Minotaur Berserker)               Turns: 8849, Time: 00:38:39

Health: -4/81      AC:  0    Str: 25    XL:     9   Next: 70%
Magic:  8/8        EV: 17    Int:  4    God:    Trog [****..]
Gold:   382        SH:  0    Dex: 10    Spells: 8/8 levels left

rFire    . . .     SeeInvis .   (weapon currently unavailable)
rCold    . . .     Gourm    .   (shield currently unavailable)
rNeg     . . .     Faith    .   (armour currently unavailable)
rPois    .         Spirit   .   (helmet currently unavailable)
rElec    .         Reflect  .   (cloak currently unavailable)
rCorr    .         Harm     .   (gloves currently unavailable)
MR       .....                  (boots currently unavailable)
Stlth    +.........             H - amulet of inaccuracy (curse)
HPRegen  0.23/turn              (ring currently unavailable)
MPRegen  0.11/turn              (ring currently unavailable)

@: pig-form (expiring), studying Stealth, very quick
A: small, (retaliatory headbutt)
a: Berserk, Trog's Hand, Brothers in Arms, Renounce Religion


You were on level 8 of the Dungeon.
You worshipped Trog.
Trog was greatly pleased with you.
You were very hungry.
You were a filthy swine.
You visited 1 branch of the dungeon, and saw 8 of its levels.

You collected 382 gold pieces.

Inventory:

Hand Weapons
 a - a +0 mace
 s - a +0 whip
 B - a +1 whip
 F - a +1 morningstar of venom (melded)
Missiles
 f - 15 boomerangs (quivered)
 l - 390 stones
 w - 3 poisoned darts
Armour
 h - a +0 ring mail
 j - a +2 leather armour of poison resistance
 r - a +1 pair of gloves (melded)
 u - a +0 kite shield (melded)
 G - a +0 chain mail
 I - a +0 hat (melded)
 O - a +0 chain mail (melded)
 P - a +0 cloak (melded)
Jewellery
 e - an uncursed amulet of faith
 y - a ring of wizardry (melded)
 D - a ring of poison resistance (melded)
 H - a cursed amulet of inaccuracy (around neck)
Wands
 d - a wand of polymorph (2)
 M - a wand of digging (7)
 Q - a wand of paralysis (10)
 S - a wand of flame (15)
 T - a wand of acid (10)
Scrolls
 k - 3 scrolls of enchant weapon
 o - 3 scrolls of identify
 p - 4 scrolls of amnesia
 v - a scroll of enchant armour
 x - a scroll of random uselessness {unknown}
 A - a scroll of fog {unknown}
 E - 2 scrolls of blinking {unknown}
 L - a scroll of teleportation {unknown}
 R - a scroll of brand weapon {unknown}
 U - a scroll of magic mapping {unknown}
Potions
 b - 4 potions of curing
 g - 3 potions of flight {unknown}
 i - 3 potions of heal wounds {unknown}
 n - 4 potions of resistance {unknown}
 q - a potion of ambrosia {unknown}
 t - 2 potions of stabbing {unknown}
 z - a potion of invisibility {unknown}
 C - 2 potions of brilliance {unknown}
 J - a potion of haste {unknown}
 K - a potion of might {unknown}
 N - a potion of berserk rage {unknown}
Books
 m - a manual of Stealth
Comestibles
 c - 8 rations


   Skills:
 + Level 8.0 Fighting
 * Level 10.7 Maces & Flails
 - Level 3.0 Throwing
 + Level 7.5 Armour
 + Level 6.8 Dodging


You had 8 spell levels left.
You didn't know any spells.
Your spell library contained the following spells:

 Spells                   Type           Power        Failure   Level  Hunger
 Animate Skeleton         Necr           N/A          50%         1    ##.....
 Apportation              Tloc           #.....       50%         1    ##.....
 Corona                   Hex            #......      50%         1    ##.....
 Shock                    Conj/Air       #...         50%         1    ##.....
 Summon Small Mammal      Summ           #...         50%         1    ##.....
 Swiftness                Chrm/Air       #.......     65%         2    ###....
 Static Discharge         Conj/Air       #.......     86%         3    ####...
 Airstrike                Air            #.........   99%         4    #####..
 Lightning Bolt           Conj/Air       #.........   100%        5    ######.


Dungeon Overview and Level Annotations

Branches:
Dungeon (8/15)             Temple (0/1) D:7
   Lair: D:8-11

Altars:
Kikubaaqudgha
Trog
The Shining One

Annotations:
D:8 Joseph


Innate Abilities, Weirdness & Mutations

((You reflexively headbutt those who attack you in melee.))
((You have a pair of horns on your head.))


Message History

Joseph misses you.
You hit Joseph.
Joseph is lightly wounded.
Joseph hits you with a +0 quarterstaff!!
* * * LOW HITPOINT WARNING * * *
You completely miss Joseph.
Joseph is lightly wounded.
Joseph barely misses you.
You are feeling very hungry.
You hit Joseph but do no damage.
Joseph is lightly wounded.
You hit Joseph.
Joseph is moderately wounded.
Your transformation is almost over.
Joseph hits you with a +0 quarterstaff!
* * * LOW HITPOINT WARNING * * *
You barely miss Joseph.
Joseph is moderately wounded.
Joseph hits you with a +0 quarterstaff!
You die...

#.# #.# #.# #.#
#######.###
......#...#
#.))..###
#########.......####
#...@h(............#
#.#######.......##.#
#.#...### # #.#...#
#.##### #.#
###.######
#..........
#.########.


You could see Joseph.

Vanquished Creatures
  A hippogriff (D:4)
  Prince Ribbit (D:7)
  A wyvern (D:6)
  Eustachio (D:6)
  An orc warrior (D:6)
  5 ogres
  A black bear (D:7)
  2 phantoms
  3 centaurs
  3 bullfrogs
  2 scorpions
  4 killer bees (D:7)
  2 vampire bats (D:7)
  2 jellies (D:6)
  Crazy Yiuf (D:6)
  A centaur zombie (D:7)
  4 hounds
  A bullfrog skeleton (D:5)
  2 orc priests
  5 orc wizards
  2 iguanas
  4 worker ants
  2 hound skeletons
  12 adders
  2 shadow imps (D:5)
  An ooze (D:3)
  An adder zombie (D:6)
  An adder skeleton (D:4)
  A worm (D:3)
  4 dart slugs
  6 leopard geckos
  17 orcs
  12 bats
  5 bat skeletons (D:7)
  A bat zombie (D:7)
  4 giant cockroaches
  15 goblins
  7 hobgoblins
  2 jackals (D:4)
  6 quokkas
  7 frilled lizards
  13 kobolds
  2 leopard gecko skeletons
  A quokka skeleton (D:6)
  11 rats
182 creatures vanquished.

Vanquished Creatures (collateral kills)
  The ghost of Platt the Skirmisher, a novice GrFi (D:4)
  A scorpion (D:4)
2 creatures vanquished.

Grand Total: 184 creatures vanquished

Notes
Turn   | Place    | Note
-------+----------+-------------------------------------------
     0 | D:1      | Duder the Minotaur Berserker began the quest for the Orb.
     0 | D:1      | Reached XP level 1. HP: 19/19 MP: 0/0
   371 | D:1      | Reached XP level 2. HP: 27/27 MP: 1/1
   387 | D:1      | Reached skill level 4 in Maces & Flails
   647 | D:1      | Reached XP level 3. HP: 26/33 MP: 2/2
   756 | D:1      | Reached ** piety under Trog
  1086 | D:2      | Reached skill level 1 in Throwing
  1428 | D:2      | Reached XP level 4. HP: 40/40 MP: 3/3
  2074 | D:3      | Reached *** piety under Trog
  2385 | D:3      | Reached skill level 5 in Maces & Flails
  2385 | D:3      | Reached XP level 5. HP: 38/47 MP: 4/4
  3195 | D:4      | Reached XP level 6. HP: 16/53 MP: 5/5
  3489 | D:4      | Noticed a hippogriff
  3503 | D:4      | Killed a hippogriff
  3503 | D:4      | Reached skill level 5 in Fighting
  3503 | D:4      | Reached skill level 6 in Maces & Flails
  3849 | D:4      | Reached XP level 7. HP: 61/61 MP: 6/6
  3904 | D:4      | Noticed Platt's ghost (novice GrFi)
  3908 | D:4      | Found a runed translucent gate.
  3908 | D:4      | Found a runed translucent gate.
  3910 | D:4      | Found a runed translucent gate.
  4050 | D:4      | Reached skill level 7 in Maces & Flails
  4191 | D:4      | Reached **** piety under Trog
  4653 | D:4      | Killed Platt's ghost
  4653 | D:4      | Reached skill level 5 in Armour
  4657 | D:4      | Reached XP level 8. HP: 59/70 MP: 7/7
  4758 | D:5      | Entered Level 5 of the Dungeon
  5062 | D:5      | Reached skill level 8 in Maces & Flails
  5062 | D:5      | Reached skill level 5 in Dodging
  5208 | D:5      | Found a bloodstained altar of Trog.
  5257 | D:5      | Found a bloodstained altar of Trog.
  5495 | D:5      | Found a glowing golden altar of the Shining One.
  6261 | D:6      | Noticed Eustachio
  6301 | D:6      | Killed Eustachio
  6301 | D:6      | Reached skill level 9 in Maces & Flails
  6473 | D:6      | Reached XP level 9. HP: 76/79 MP: 8/8
  7156 | D:6      | Found a runed translucent door.
  7157 | D:6      | Noticed Crazy Yiuf
  7399 | D:6      | Killed Crazy Yiuf
  7522 | D:7      | Reached skill level 10 in Maces & Flails
  7793 | D:7      | Found an ancient bone altar of Kikubaaqudgha.
  8033 | D:7      | Found a staircase to the Ecumenical Temple.
  8111 | D:7      | Noticed Prince Ribbit
  8121 | D:7      | Killed Prince Ribbit
  8830 | D:8      | Noticed Joseph
  8849 | D:8      | Slain by Joseph

Illustrated notes

Levels and vault maps discovered:
D:1:      dpeg_cavernosity, layout_rooms, minmay_split_cup_large
D:2:      layout_basic
D:3:      layout_loops_ring, first_ration
D:4:      layout_loops_corners, gammafunk_ghost_split, minmay_manual_mail
D:5:      layout_basic, lemuel_doored_altar, tso_metal_star, trog_hazing_becter
D:6:      layout_loops_ring, minmay_misc_feat_hallway, uniq_crazy_yiuf_cottage,
          uniq_eustachio
D:7:      layout_loops_cross, kennysheep_vampire_church,
          minmay_temple_entry_enclosed_plants, hangedman_glass_teeth,
          roderic_lattice_a, uniq_prince_ribbit1
D:8:      layout_loops_ring, nicolae_overflow_hidden_temple,
          hangedman_pestilent_swarm, minmay_misc_feat_alley, uniq_joseph,
          uniq_maurice

Skill      XL: |  1  2  3  4  5  6  7  8  9 |
---------------+----------------------------+-----
Maces & Flails | 4 5 6 7 9 10 | 10.7
Fighting       | 4 5 7 8 |  8.0
Throwing       | 1 2 3 |  3.0
Armour         | 3 4 5 6 7 |  7.5
Dodging        | 3 4 5 6 |  6.8

Action                   |  1- 3 |  4- 6 |  7- 9 || total
-------------------------+-------+-------+-------++-------
Melee: Mace              |    80 |       |       ||    80
       Headbutt          |    12 |    32 |    58 ||   102
       Whip              |     5 |   164 |   129 ||   298
       Morningstar       |       |       |   224 ||   224
       Unarmed           |       |       |    12 ||    12
Invok: Trog's Hand       |       |     2 |       ||     2
       Berserk           |       |     1 |       ||     1
       Brothers in Arms  |       |       |     1 ||     1
  Use: Scroll            |       |     3 |     1 ||     4
       Potion            |       |     1 |       ||     1
  Eat: Chunk             |     2 |     7 |    14 ||    23
       Ration            |       |       |     1 ||     1
Armor: Animal skin       |     3 |       |       ||     3
       Leather armour    |    19 |       |       ||    19
       Ring mail         |     6 |    49 |    42 ||    97
       Chain mail        |       |       |   112 ||   112
Dodge: Dodged            |    60 |    68 |   133 ||   261
Block: Kite shield       |       |    47 |   130 ||   177
